 Dungeon Crawl Stone Soup version 0.21.1-1-g345015fe64 (webtiles) character file.

10066 Freyura the Basher (level 11, -2/68 HPs)
             Began as a Gargoyle Monk on May 3, 2018.
             Was a High Priest of Okawaru.
             Slain by an unseen horror (5 damage)
             ... on level 10 of the Dungeon.
             The game lasted 00:41:29 (10272 turns).

Freyura the Basher (Gargoyle Monk)                 Turns: 10272, Time: 00:41:29

Health: -2/68      AC: 21    Str: 15    XL:     11   Next: 56%
Magic:  0/16       EV: 14    Int: 11    God:    Okawaru [*****.]
Gold:   109        SH:  0    Dex: 17    Spells: 10/10 levels left

rFire    . . .     SeeInvis .   y - +2 dire flail (protect)
rCold    . . .     Gourm    .   (shield currently unavailable)
rNeg     + . .     Faith    .   u - +0 chain mail
rPois    ∞         Spirit   +   l - +0 helmet
rElec    +         Reflect  .   J - scarf {Spirit}
rCorr    .         Harm     .   (no gloves)
MR       .....                  F - +0 pair of boots of the Griffon {+Fly rElec rF- Dex+2}
Stlth    ..........             (no amulet)
HPRegen  0.21/turn              k - ring of protection from fire
MPRegen  0.15/turn              K - +4 ring of evasion

@: no status effects
A: negative energy resistance 1, electricity resistance, unbreathing,
petrification resistance, rot immunity, AC +8
a: Heroism, Finesse, Renounce Religion, Evoke Flight


You were on level 10 of the Dungeon.
You worshipped Okawaru.
Okawaru was extremely pleased with you.
You were not hungry.

You visited 1 branch of the dungeon, and saw 10 of its levels.

You collected 839 gold pieces.
You spent 730 gold pieces at shops.

Inventory:

Hand Weapons
 a - a +0 mace
 t - a +1 morningstar of protection
 y - a +2 dire flail of protection (weapon)
 H - a +0 short sword
 I - a +0 triple sword
Missiles
 L - 4 javelins of penetration (quivered)
Armour
 e - a +0 ring mail
 l - a +0 helmet (worn)
 u - a +0 chain mail (worn)
 F - the +0 pair of boots of the Griffon (worn) {+Fly rElec rF- Dex+2}
   (You bought it in a shop on level 9 of the Dungeon)

   It affects your dexterity (+2).
   It makes you vulnerable to fire.
   It insulates you from electricity.
   It lets you fly.
 G - a scarf of spirit shield
 J - a scarf of spirit shield (worn)
Jewellery
 k - a ring of protection from fire (left hand)
 v - a +2 ring of protection
 K - a +4 ring of evasion (right hand)
Wands
 B - a wand of polymorph (13)
 E - a wand of flame (29)
Scrolls
 b - 2 scrolls of fog {unknown}
 d - 9 scrolls of remove curse {unknown}
 f - 3 scrolls of immolation {unknown}
 i - 6 scrolls of identify
 j - 3 scrolls of fear {unknown}
 m - 6 scrolls of amnesia {unknown}
 n - 10 scrolls of teleportation {unknown}
 p - a scroll of random uselessness {unknown}
 q - 3 scrolls of enchant weapon {unknown}
 x - 2 scrolls of magic mapping {unknown}
 A - a scroll of blinking {unknown}
Potions
 g - a potion of haste
 h - 11 potions of curing
 o - 3 potions of lignification
 r - a potion of cancellation {unknown}
 s - 2 potions of magic
 z - 3 potions of flight {unknown}
 C - a potion of invisibility {unknown}
 D - a potion of agility
Books
 w - a book of Geomancy

   Spells                             Type                      Level
   a - Sandblast                      Earth                        1
   b - Passwall                       Transmutation/Earth          2
   c - Stone Arrow                    Conjuration/Earth            3
   d - Petrify                        Transmutation/Earth          4
   e - Lee's Rapid Deconstruction     Earth                        5
Comestibles
 c - 14 rations


   Skills:
 + Level 8.1 Fighting
 * Level 11.9 Maces & Flails
 + Level 7.3 Armour
 + Level 6.1 Dodging
 - Level 2.1 Stealth
 + Level 7.3 Invocations


You had 10 spell levels left.
You didn't know any spells.

Dungeon Overview and Level Annotations

Branches:
Dungeon (10/15)            Temple (0/1) D:5             Orc (0/2) D:9
   Lair: D:8-11

Altars:
Hepliaklqana
Nemelex Xobeh
Okawaru
Ru
Sif Muna
Uskayaw
The Shining One

Shops:
D:5 (   D:9 [   D:10 [


Innate Abilities, Weirdness & Mutations

You are resistant to torment.
Your stone body is resilient. (AC +8)
You are immune to poison.
You resist negative energy. (rN+)
You are resistant to electric shocks. (rElec)
You can survive without breathing.
You are immune to petrification.
You are immune to rotting.


Message History

Something hits you!
* * * LOW HITPOINT WARNING * * *
Something hits you but does no damage. x2
You bludgeon something!! Something hits you but does no damage.
Something completely misses you. Something hits you but does no damage.
Something hits you but does no damage. Something hits you but does no damage.
Things that are here:
a giant club; a giant spiked club Something hits you but does no damage.
Something hits you but does no damage. Something barely misses you.
Something hits you but does no damage.
There is an open door here.
Something barely misses you. Something hits you but does no damage.
Something hits you.
* * * LOW HITPOINT WARNING * * *
There is an open door here.
Something hits you but does no damage. Something hits you.
You die...

....'...........#
#.######'#####.##
#...###.##.#
#....#.....# ..
#....'....># #..
#....#######
#..#####'##....##
>........'.....+ #
.........#..@..# ..
.###..######'###
.####
##..######..###....#
#..............<..#
#..†..)..)........#
#..$..............#
#..#######........#
#.. #........# ....
##'###..##


There were no monsters in sight!

Vanquished Creatures
  A hydra (D:9)
  A two-headed ogre (D:10)
  Erica (D:8)
  Pikel (D:6)
  A troll (D:9)
  2 hippogriffs
  2 dream sheep (D:9)
  11 yaks
  Menkaure (D:6)
  Edmund (D:6)
  A necrophage (D:8)
  3 orc warriors
  4 sky beasts
  3 ogres
  4 centaurs
  3 phantoms
  A crocodile (D:8)
  3 big kobolds (D:9)
  5 bullfrogs
  A gnoll sergeant (D:9)
  A scorpion (D:4)
  A killer bee (D:10)
  11 wights
  An electric eel (D:6)
  2 vampire bats (D:6)
  4 howler monkeys (D:10)
  2 centaur zombies (D:7)
  A bullfrog zombie (D:10)
  6 crimson imps
  A quasit (D:6)
  6 hounds
  3 jellies
  7 orc priests
  2 centaur skeletons
  9 orc wizards
  3 bullfrog skeletons
  6 worker ants
  4 iguanas
  A hound skeleton (D:7)
  A worker ant zombie (D:5)
  Robin (D:2)
  A howler monkey skeleton (D:6)
  9 gnolls
  10 adders
  2 shadow imps
  2 oozes
  2 adder skeletons
  3 adder zombies
  A worm (D:3)
  2 dart slugs
  7 leopard geckos
  29 orcs
  A ball python (D:1)
  12 bats
  4 giant cockroaches
  15 goblins
  7 hobgoblins
  13 jackals
  7 quokkas
  A ball python skeleton (D:5)
  5 frilled lizards
  A jackal skeleton (D:6)
  7 kobolds
  2 leopard gecko zombies
  A quokka zombie (D:7)
  8 rats
275 creatures vanquished.

Vanquished Creatures (others)
  A crimson imp (D:6)
  A bullfrog zombie (D:6)
  A gnoll (D:6)
3 creatures vanquished.

Grand Total: 278 creatures vanquished

Notes
Turn   | Place    | Note
-------+----------+-------------------------------------------
     0 | D:1      | Freyura the Gargoyle Monk began the quest for the Orb.
     0 | D:1      | Reached XP level 1. HP: 14/14 MP: 1/1
   168 | D:1      | Reached XP level 2. HP: 19/19 MP: 2/2
   328 | D:1      | Found a glowing golden altar of the Shining One.
   337 | D:1      | Reached skill level 4 in Maces & Flails
   341 | D:1      | Reached XP level 3. HP: 12/23 MP: 3/3
   913 | D:2      | Noticed Robin
   934 | D:2      | Killed Robin
   937 | D:2      | Reached XP level 4. HP: 13/28 MP: 4/4
  1280 | D:2      | Reached skill level 5 in Maces & Flails
  1333 | D:2      | Found a hide-covered altar of Uskayaw.
  1334 | D:2      | Found a sparkling altar of Nemelex Xobeh.
  2127 | D:3      | Reached XP level 5. HP: 30/32 MP: 5/5
  2910 | D:4      | Reached skill level 6 in Maces & Flails
  2945 | D:4      | Reached XP level 6. HP: 12/37 MP: 6/6
  3221 | D:4      | Found a deep blue altar of Sif Muna.
  3506 | D:4      | Reached skill level 7 in Maces & Flails
  3534 | D:4      | Found an iron altar of Okawaru.
  3540 | D:4      | Became a worshipper of Warmaster Okawaru
  3540 | D:4      | Reached * piety under Okawaru
  3540 | D:4      | Reached ** piety under Okawaru
  3789 | D:5      | Entered Level 5 of the Dungeon
  4125 | D:5      | Reached XP level 7. HP: 18/41 MP: 7/7
  4126 | D:5      | Reached skill level 1 in Armour
  4137 | D:5      | Reached skill level 1 in Invocations
  4405 | D:5      | Found Uhey's Antique Weapon Emporium.
  4556 | D:5      | Found a staircase to the Ecumenical Temple.
  4882 | D:6      | Reached skill level 8 in Maces & Flails
  4882 | D:6      | Reached XP level 8. HP: 20/48 MP: 9/9
  5100 | D:6      | Reached *** piety under Okawaru
  5132 | D:6      | HP: 2/48 [quasit (2)]
  5487 | D:6      | Noticed Pikel
  5510 | D:6      | Killed Pikel
  5510 | D:6      | Reached skill level 5 in Fighting
  5510 | D:6      | Reached skill level 9 in Maces & Flails
  5510 | D:6      | Reached XP level 9. HP: 47/54 MP: 11/11
  5751 | D:6      | Noticed Edmund
  5771 | D:6      | Killed Edmund
  5771 | D:6      | Reached **** piety under Okawaru
  5872 | D:6      | Noticed Menkaure
  5878 | D:6      | Killed Menkaure
  5928 | D:6      | You fall through a shaft for 2 floors!
  6222 | D:8      | Reached skill level 10 in Maces & Flails
  6222 | D:8      | Reached skill level 5 in Invocations
  6239 | D:8      | Reached skill level 5 in Armour
  6293 | D:8      | Reached XP level 10. HP: 56/60 MP: 13/13
  6324 | D:8      | Noticed Erica
  6355 | D:8      | Killed Erica
  6561 | D:7      | Reached skill level 5 in Dodging
  6783 | D:7      | Found a glowing golden altar of the Shining One.
  6783 | D:7      | Found a hazy altar of Hepliaklqana.
  8152 | D:9      | Found Haqilauwk's Antique Armour Emporium.
  8166 | D:9      | Bought a pair of shimmering boots for 266 gold pieces
  8166 | D:9      | Bought an embroidered scarf for 224 gold pieces
  8171 | D:9      | Identified the +0 pair of boots of the Griffon {+Fly rElec rF- Dex+2} (You bought it in a shop on level 9 of the Dungeon)
  8390 | D:9      | Found a staircase to the Orcish Mines.
  8471 | D:9      | Reached ***** piety under Okawaru
  8515 | D:9      | Found a sacrificial altar of Ru.
  8598 | D:9      | Reached skill level 11 in Maces & Flails
  8647 | D:9      | Noticed a three-headed hydra
  8661 | D:9      | Killed a three-headed hydra
  8661 | D:9      | Reached XP level 11. HP: 38/67 MP: 8/16
  9474 | D:10     | Entered Level 10 of the Dungeon
  9869 | D:10     | Found Izurch's Antique Armour Shoppe.
  9883 | D:10     | Bought a glowing scarf for 240 gold pieces
 10084 | D:10     | Noticed a two-headed ogre
 10096 | D:10     | Killed a two-headed ogre
 10110 | D:10     | Received a gift from Okawaru
 10271 | D:10     | HP: 3/68 [something (3)]
 10272 | D:10     | Slain by an unseen horror

Skill      XL: |  1  2  3  4  5  6  7  8  9 10 11 |
---------------+----------------------------------+-----
Maces & Flails | 4 5 6 7 8 9 10 11 | 11.9
Armour         | 2 3 5 6 7 |  7.3
Invocations    | 2 3 5 6 7 |  7.3
Fighting       | 4 5 6 7 8 |  8.1
Dodging        | 3 4 5 6 |  6.1
Stealth        | |  2.1

Action                   |  1- 3 |  4- 6 |  7- 9 | 10-12 || total
-------------------------+-------+-------+-------+-------++-------
Melee: Mace              |   117 |   198 |       |       ||   315
       Morningstar       |       |    57 |   271 |       ||   328
       Dire flail        |       |       |   142 |   519 ||   661
Throw: Javelin           |       |       |       |     3 ||     3
Invok: Heroism           |       |       |     7 |    10 ||    17
  Use: Potion            |     1 |       |     2 |     2 ||     5
       Scroll            |       |     1 |     5 |       ||     6
 Stab: Sleeping          |     5 |     1 |       |       ||     6
       Paralysed         |       |       |       |     1 ||     1
  Eat: Ration            |       |     4 |     2 |     4 ||    10
Armor: Robe              |    47 |     1 |       |       ||    48
       Ring mail         |       |    85 |       |       ||    85
       Chain mail        |       |    30 |   325 |   388 ||   743
Dodge: Dodged            |   108 |   135 |   206 |   262 ||   711
